 Dungeon Crawl Stone Soup version 0.27.0-1-g7a089689b8 (webtiles) character file.

Game seed: 8628293218616903266

6952 robertstho the Cleaver (level 10, -2/90 HPs)
             Began as a Black Draconian Berserker on Aug 6, 2021.
             Was an Elder of Trog.
             Slain by an orc knight (42 damage)
             ... in a bailey.
             The game lasted 00:12:17 (9417 turns).

robertstho the Cleaver (Black Draconian Berserker)  Turns: 9417, Time: 00:12:17

Health: -2/90      AC:  8    Str: 28    XL:     10   Next: 80%
Magic:  10/10      EV: 18    Int:  7    God:    Trog [****..]
Gold:   548        SH:  0    Dex: 17    Spells: 9/9 levels left

rFire    . . .     SeeInvis .   o - +0 war axe (elec)
rCold    . . .     Faith    .   (no shield)
rNeg     . . .     Spirit   .   (armour unavailable)
rPois    +         Reflect  .   (helmet restricted)
rElec    +         Harm     .   v - +0 cloak
rCorr    .         Rampage  .   (no gloves)
Will     .....                  (no boots)
Stlth    ++........             (no amulet)
HPRegen  0.25/turn              i - ring of poison resistance
MPRegen  0.12/turn              s - ring of Suicidal Tendencies {Str+6 Dex+5}

@: short of breath, on berserk cooldown, very slightly contaminated, slowed,
invisible, very slow
A: breathe lightning, AC +7, unfitting armour, electricity resistance,
cold-blooded
a: Breathe Lightning, Renounce Religion, Berserk, Trog's Hand, Brothers in Arms


You were in a bailey.
You worshipped Trog.
Trog was greatly pleased with you.
You visited 1 branch of the dungeon, and saw 8 of its levels.
You also visited: Bailey.

You collected 548 gold pieces.

Inventory:

Hand Weapons
 d - a +1 morningstar of protection
 o - a +0 war axe of electrocution (weapon)
Missiles
 p - 2 throwing nets (quivered)
Armour
 v - a +0 cloak (worn)
Jewellery
 f - a ring of willpower
 i - a ring of poison resistance (left hand)
 k - a ring of ice
 s - the ring of Suicidal Tendencies (right hand) {Str+6 Dex+5}
   (You found it on level 5 of the Dungeon)

   [ring of strength]

   Str:       It affects your strength (+6).
   Dex:       It affects your dexterity (+5).
Wands
 w - a wand of digging (3)
Scrolls
 g - 4 scrolls of teleportation
 l - a scroll of immolation
 r - a scroll of fog
 y - a scroll of torment
 A - a scroll of brand weapon
Potions
 a - a potion of might {unknown}
 b - 2 potions of resistance
 c - 3 potions of heal wounds
 e - 6 potions of mutation {unknown}
 h - 2 potions of berserk rage {unknown}
 j - a potion of flight {unknown}
 n - 2 potions of haste {unknown}
 q - 2 potions of brilliance {unknown}
 t - a potion of lignification {unknown}
 u - a potion of curing
 B - a potion of magic {unknown}
 C - a potion of cancellation {unknown}


   Skills:
 + Level 8.4 Fighting
 + Level 10.6(10.7) Axes
 + Level 1.7(7.0) Maces & Flails
 * Level 10.3 Dodging
 + Level 1.3 Evocations


You had 9 spell levels left.
You didn't know any spells.
Your spell library was empty.

Dungeon Overview and Level Annotations

Branches:
Dungeon (8/15)             Temple (0/1) D:5          Bailey (1/1)
   Lair: D:8-11

Altars:
Ashenzari
Fedhas
Hepliaklqana
Xom


Innate Abilities, Weirdness & Mutations

You can breathe wild blasts of lightning.
Your glossy black scales are hard. (AC +7)
You cannot fit into any form of body armour.
You are resistant to electric shocks. (rElec)
You are cold-blooded and may be slowed by cold attacks.


Message History

Lightning courses through the orc warrior!
The orc warrior is almost dead.
You slash the orc! Lightning courses through the orc!!
You kill the orc!
Trog accepts your kill. The orc warrior misses you.
You slash the orc warrior!
You kill the orc warrior!
Trog accepts your kill.
You hit the orc. Lightning courses through the orc!!
You kill the orc!
Trog accepts your kill.
The orc knight shouts!
The orc no longer looks unusually strong.
You are no longer berserk.
You are exhausted.
You feel yourself slow down.
Items here: )))) [[.
You breathe a wild blast of lightning!
The zap hits the orc!
You kill the orc!
Trog accepts your kill.
You hear a mighty clap of thunder!
You hear a shout! x2
The orc knight roars a battlecry!
The orc knight goes into a battle-frenzy!
The orc knight closely misses you.
The orc knight no longer looks unusually strong.
The orc knight roars a battlecry!
The orc knight goes into a battle-frenzy!
The orc knight closely misses you.
There is an open door, spattered with blood here.
Items here: )))) †.
Aiming: Corrosive Bolt
Press: ? - help, Shift-Dir - straight line, f - orc knight
Aim: an orc knight, wielding a +0 glaive and wearing a +0 ring mail (almost dead, strong, 64% to hit)
The bolt of acid misses the orc knight.
The now-empty wand crumbles to dust.
The orc knight hits you from afar with a +0 glaive!!
Unknown command.
The orc knight completely misses you. The orc knight barely misses you.
The orc knight hits you from afar with a +0 glaive!!!
You die...

#.).))..#
#...)...#
#..)....#
##.....##
###'###
#...#
#...#
#...#
#.@.#
###)###
##.ooo.##
#..)))).#
#.).....#
#.......#
#.......#
#.......#
##.....##


You could see 3 orc knights.

Vanquished Creatures
  A hydra (D:7)
  A centaur warrior (D:8)
  2 two-headed ogres
  Maggie (D:6)
  Sigmund (D:2)
  Eustachio (D:6)
  A steam dragon (D:8)
  2 water moccasins
  9 orc warriors
  A hornet zombie (D:8)
  3 necrophages
  A sky beast (D:7)
  An ice beast (D:6)
  A black bear (D:5)
  2 ogres
  2 centaurs (D:7)
  2 kobold brigands
  2 bullfrogs
  2 wyvern zombies
  3 scorpions
  A water moccasin zombie (D:6)
  2 water moccasin skeletons
  A wight (D:8)
  A howler monkey (D:8)
  A centaur zombie (D:5)
  A bullfrog zombie (D:5)
  2 hounds (D:5)
  5 orc priests
  3 iguanas
  Natasha (thrice) (D:2)
  4 orc wizards
  A killer bee zombie (D:7)
  A howler monkey zombie (D:6)
  9 adders
  A howler monkey skeleton (D:6)
  A white imp (D:6)
  2 ufetubi
  2 worms
  4 dart slugs
  46 orcs
  7 bats
  6 endoplasms
  2 giant cockroaches
  5 goblins
  5 hobgoblins
  8 jackals (D:1)
  8 kobolds
  5 quokkas
  6 ball pythons
  4 frilled lizards
  A rat (D:2)
187 creatures vanquished.

Vanquished Creatures (others)
  An orc (D:6)
  A kobold (D:6)
2 creatures vanquished.

Grand Total: 189 creatures vanquished

Notes
Turn   | Place    | Note
-------+----------+-------------------------------------------
     0 | D:1      | robertstho the Draconian Berserker began the quest for the
                  | Orb.
     0 | D:1      | Reached XP level 1. HP: 19/19 MP: 1/1
   298 | D:1      | Reached XP level 2. HP: 26/26 MP: 2/2
   969 | D:2      | Noticed Natasha
   973 | D:2      | Reached XP level 3. HP: 31/31 MP: 3/3
   973 | D:2      | Noticed Sigmund
   976 | D:2      | Killed Natasha
  1146 | D:2      | Killed Sigmund
  1147 | D:2      | Reached XP level 4. HP: 40/40 MP: 4/4
  1147 | D:2      | Reached XP level 5. HP: 46/46 MP: 5/5
  1425 | D:2      | Reached ** piety under Trog
  1502 | D:2      | Found a faded altar of an unknown god.
  1625 | D:2      | Noticed Natasha
  1637 | D:2      | Killed Natasha
  1638 | D:2      | Reached XP level 6. HP: 53/53 MP: 6/6
  1715 | D:2      | Noticed Natasha
  1727 | D:2      | Killed Natasha
  2559 | D:3      | Reached skill level 5 in Axes
  2559 | D:3      | Reached skill level 5 in Dodging
  3638 | D:4      | Your scales start taking on a glossy black colour.
  3638 | D:4      | Reached XP level 7. HP: 60/60 MP: 7/7
  3638 | D:4      | Gained mutation: You are resistant to electric shocks.
                  | (rElec) [Black Draconian growth]
  4186 | D:5      | Entered Level 5 of the Dungeon
  4382 | D:5      | Reached skill level 5 in Fighting
  4556 | D:5      | Noticed a two-headed ogre
  4566 | D:5      | Killed a two-headed ogre
  4567 | D:5      | Reached XP level 8. HP: 67/70 MP: 8/8
  4986 | D:5      | Identified the ring of Suicidal Tendencies {Str+6 Dex+5}
  5081 | D:5      | Found a staircase to the Ecumenical Temple.
  5993 | D:6      | Noticed Eustachio
  6001 | D:6      | Killed Eustachio
  6002 | D:6      | Reached XP level 9. HP: 75/75 MP: 9/9
  6016 | D:6      | Noticed Maggie
  6235 | D:6      | Reached *** piety under Trog
  6516 | D:6      | Found a broken altar of Ashenzari.
  6525 | D:6      | Found a hazy altar of Hepliaklqana.
  6525 | D:6      | Found a blossoming altar of Fedhas.
  6706 | D:6      | Killed Maggie
  7961 | D:7      | Noticed a four-headed hydra
  7962 | D:7      | Found a shimmering altar of Xom.
  8296 | D:7      | Killed an eight-headed hydra
  8297 | D:7      | Reached XP level 10. HP: 56/86 MP: 10/10
  8729 | D:8      | Noticed a centaur warrior
  8753 | D:8      | Noticed a two-headed ogre
  8765 | D:8      | Killed a centaur warrior
  8766 | D:8      | Reached skill level 10 in Axes
  8766 | D:8      | Reached skill level 1 in Maces & Flails
  8770 | D:8      | Killed a two-headed ogre
  8771 | D:8      | Reached skill level 10 in Dodging
  8846 | D:8      | Reached skill level 1 in Evocations
  8849 | D:8      | Found a flagged portal.
  8869 | Bailey   | Entered a bailey
  9172 | Bailey   | Reached **** piety under Trog
  9374 | Bailey   | Noticed an orc knight
  9375 | Bailey   | Noticed an orc knight
  9405 | Bailey   | Noticed an orc knight
  9417 | Bailey   | Slain by an orc knight

Illustrated notes

Levels and vault maps discovered:
D:1:      moated_graveyard_arrival, layout_basic
D:2:      layout_basic, hellmonk_ecumenical_altar_crossroads,
          grunt_decor_clamped, st_stairs_8, uniq_natasha, uniq_sigmund
D:3:      layout_loops_ring
D:4:      layout_rooms, amcnicky_mini_rare_corridor_liquid
D:5:      layout_loops_cross, lemuel_temple_firewalk_b
D:6:      layout_loops_ring, grunt_temple_overflow_open, uniq_eustachio,
          uniq_maggie
D:7:      layout_basic, xom_teletrap_fun
D:8:      layout_basic, enter_bailey_6, minmay_increasing_density
Bailey:   bailey_polearm_5, bailey

Skill      XL: |  1  2  3  4  5  6  7  8  9 10 |
---------------+-------------------------------+-----
Dodging        | 3 4 5 6 7 9 10 | 10.3
Fighting       | 4 5 6 7 8 |  8.4
Axes           | 4 5 7 8 9 10 | 10.6
Maces & Flails | 1 |  1.7
Evocations     | 1 |  1.3

Action                   |  1- 3 |  4- 6 |  7- 9 | 10-12 || total
-------------------------+-------+-------+-------+-------++-------
Melee: Hand axe          |    52 |   158 |   367 |    64 ||   641
       Tailslap          |     7 |    19 |    81 |    20 ||   127
       Morningstar       |       |       |     4 |       ||     4
       War axe           |       |       |       |    30 ||    30
Invok: Berserk           |     3 |     5 |     9 |     5 ||    22
       Trog's Hand       |       |       |     2 |     3 ||     5
 Abil: Breathe Lightning |       |       |     2 |     3 ||     5
Evoke: Wand              |       |       |       |    13 ||    13
  Use: Scroll            |       |       |    11 |     7 ||    18
       Potion            |       |       |       |     2 ||     2
 Stab: Sleeping          |       |     1 |     1 |       ||     2
       Invisible         |       |       |       |    17 ||    17
Armor: Skin              |    22 |    42 |    93 |    25 ||   182
Dodge: Dodged            |    36 |   118 |   286 |   121 ||   561
